General information
- name: BNet
- type: Ladder team game (AT/RT)
- host: Battle.net
- saver: 4v4_is_serious
map: MarketSquare
- players: 8
- length: 35:04
- speed: Fast
- version: 1.26 W3XP
- replay type: Public
» download(192 KB)
Players
team 1 (winner)
iNeedLessons (
orange | 61 APM | 2150 actions | 35:04)
8 Pandaren Brewmaster
3 Breath of Fire
3 Drunken Haze
1 Storm Earth and Fire
1 Drunken Brawler
7 Priestess of the Moon
3 Trueshot Aura
3 Scout
1 Starfall
6 Pit Lord
3 Howl of Terror
2 Cleaving Attack
1 Doom
» actions
| Assign group hotkey | 53 | |
| Basic commands | 194 | |
| Build / train | 115 | |
| Enter build submenu | 32 | |
| Enter hero's abilities submenu | 22 | |
| Give item / drop item | 2 | |
| Right click | 637 | |
| Select / deselect | 505 | |
| Select group hotkey | 459 | |
| Use ability | 131 | |
2150 total
» units
| Wisp | 40 | |
| Archer | 6 | |
| Chimaera | 14 | |
| Hippogryph | 10 | |
70 total
» upgrades
| Strength of the Wild | 5 | |
| Reinforced Hides | 5 | |
| Corrosive Breath | 1 | |
| Ultravision | 1 | |
| Well Spring | 1 | |
| Nature's Blessing | 1 | |
14 total
» buildings
| Moon Well | 9 | |
| Tree of Life | 5 | |
| Ancient of War | 1 | |
| Altar of Elders | 1 | |
| Ancient of Wonders | 5 | |
| Tree of Ages | 1 | |
| Hunter's Hall | 1 | |
| Tree of Eternity | 1 | |
| Ancient Protector | 9 | |
| Ancient of Wind | 4 | |
| Chimaera Roost | 3 | |
40 total
» build order
00:21 Moon Well
01:22 Tree of Life
01:46 Ancient of War
02:00 Altar of Elders
02:15 Moon Well
02:20 Moon Well
02:28 Ancient of Wonders
03:16 Ancient of Wonders
04:03 Ancient of Wonders
04:19 Tree of Ages
04:23 Ancient of Wonders
04:31 Ancient of Wonders
06:00 Hunter's Hall
06:12 Moon Well
06:14 Moon Well
08:11 Tree of Eternity
08:21 Ancient Protector
08:21 Ancient Protector
09:04 Ancient Protector
09:06 Ancient Protector
09:07 Ancient Protector
09:09 Ancient Protector
09:32 Ancient of Wind
10:15 Moon Well
10:16 Moon Well
10:17 Moon Well
10:19 Moon Well
10:44 Chimaera Roost
10:47 Chimaera Roost
10:51 Chimaera Roost
14:21 Ancient of Wind
14:23 Ancient of Wind
15:08 Ancient Protector
15:09 Ancient Protector
15:19 Ancient Protector
18:54 Tree of Life
19:29 Ancient of Wind
21:38 Tree of Life
31:38 Tree of Life
32:33 Tree of Life
» items
| Dust of Appearance | 1 | |
| Boots of Speed | 1 | |
2 total

»
rageharddown (
pink | 73 APM | 1203 actions | 16:25)
3 Pandaren Brewmaster
2 Breath of Fire
1 Drunken Haze
3 Goblin Alchemist
2 Acid Bomb
1 Healing Spray
» actions
| Basic commands | 5 | |
| Build / train | 44 | |
| ESC pressed | 2 | |
| Enter build submenu | 13 | |
| Enter hero's abilities submenu | 7 | |
| Right click | 829 | |
| Select / deselect | 271 | |
| Use ability | 32 | |
1203 total
» units
» upgrades
| Moon Armor | 2 | |
| Upgrade Moon Glaive | 1 | |
| Strength of the Wild | 1 | |
| Strength of the Moon | 2 | |
| Vorpal Blades | 1 | |
7 total
» buildings
| Altar of Elders | 1 | |
| Moon Well | 8 | |
| Ancient of War | 2 | |
| Hunter's Hall | 1 | |
| Tree of Ages | 1 | |
| Tree of Eternity | 1 | |
| Tree of Life | 1 | |
15 total
» build order
00:10 Altar of Elders
00:19 Moon Well
01:56 Ancient of War
01:57 Ancient of War
02:02 Hunter's Hall
02:25 Moon Well
02:48 Moon Well
02:55 Moon Well
04:32 Tree of Ages
05:42 Moon Well
08:14 Tree of Eternity
09:03 Moon Well
11:01 Tree of Life
11:53 Moon Well
11:54 Moon Well
» items
| Lesser Clarity Potion | 1 | |
| Scroll of Regeneration | 1 | |
| Potion of Mana | 1 | |
| Scroll of Protection | 1 | |
| Boots of Speed | 1 | |
| Scroll of Healing | 1 | |
6 total
ITryCrAzYStrats (
green | 25 APM | 880 actions | 35:04)
3 Archmage
1 Blizzard
2 Brilliance Aura
3 Paladin
2 Holy Light
1 Devotion Aura
3 Mountain King
2 Storm Bolt
1 Bash
1 Pandaren Brewmaster
1 Drunken Haze
1 Goblin Alchemist
1 Healing Spray
» actions
| Assign group hotkey | 4 | |
| Basic commands | 35 | |
| Build / train | 95 | |
| ESC pressed | 6 | |
| Enter build submenu | 36 | |
| Enter hero's abilities submenu | 11 | |
| Remove unit from queue | 2 | |
| Right click | 198 | |
| Select / deselect | 295 | |
| Select group hotkey | 34 | |
| Use ability | 164 | |
880 total
» units
» upgrades
| Lumber Harvesting | 2 | |
| Masonry | 3 | |
| Gunpowder | 3 | |
| Magic Sentry | 1 | |
| Armor | 3 | |
| Fragmentation Shards | 1 | |
13 total
» buildings
| Lumber Mill | 1 | |
| Scout Tower | 47 | |
| Guard Tower | 23 | |
| Keep | 1 | |
| Arcane Vault | 1 | |
| Town Hall | 2 | |
| Altar of Kings | 1 | |
| Castle | 1 | |
| Farm | 9 | |
| Blacksmith | 1 | |
| Arcane Sanctum | 1 | |
| Workshop | 2 | |
90 total
» build order
00:14 Lumber Mill
01:06 Scout Tower
01:09 Scout Tower
01:16 Scout Tower
01:17 Scout Tower
01:35 Guard Tower
01:36 Guard Tower
01:58 Guard Tower
02:03 Guard Tower
02:10 Scout Tower
02:15 Scout Tower
02:27 Scout Tower
02:29 Scout Tower
02:40 Guard Tower
02:42 Guard Tower
03:33 Keep
04:08 Scout Tower
04:09 Scout Tower
04:13 Guard Tower
04:44 Guard Tower
05:38 Arcane Vault
06:00 Town Hall
06:06 Town Hall
06:13 Scout Tower
06:15 Scout Tower
07:11 Guard Tower
07:22 Guard Tower
08:32 Scout Tower
08:34 Scout Tower
08:36 Scout Tower
08:37 Scout Tower
08:39 Scout Tower
08:58 Altar of Kings
09:23 Guard Tower
10:13 Guard Tower
10:16 Castle
10:53 Guard Tower
10:59 Scout Tower
11:01 Scout Tower
11:02 Scout Tower
11:03 Scout Tower
11:04 Scout Tower
11:58 Farm
12:00 Farm
12:59 Guard Tower
13:09 Guard Tower
13:17 Blacksmith
13:28 Scout Tower
13:29 Scout Tower
13:31 Scout Tower
13:32 Scout Tower
13:32 Scout Tower
13:33 Scout Tower
13:36 Scout Tower
13:38 Scout Tower
13:39 Scout Tower
13:40 Scout Tower
13:46 Scout Tower
13:47 Scout Tower
13:48 Scout Tower
13:49 Scout Tower
13:50 Scout Tower
13:51 Scout Tower
14:03 Arcane Sanctum
14:09 Scout Tower
14:10 Scout Tower
14:11 Scout Tower
14:11 Scout Tower
14:13 Scout Tower
14:14 Scout Tower
14:16 Scout Tower
14:17 Scout Tower
14:33 Guard Tower
14:59 Scout Tower
15:32 Guard Tower
16:25 Guard Tower
18:37 Guard Tower
18:43 Guard Tower
19:23 Guard Tower
19:29 Guard Tower
19:35 Farm
19:37 Farm
19:38 Farm
19:38 Farm
19:53 Workshop
20:59 Guard Tower
21:14 Workshop
22:01 Farm
22:04 Farm
22:06 Farm
» items
| Scroll of Town Portal | 2 | |
| Potion of Healing | 1 | |
| Potion of Mana | 1 | |
| Orb of Fire | 1 | |
| Periapt of Vitality | 1 | |
| Boots of Speed | 1 | |
7 total
PlayUndeadFtw (
purple | 13 APM | 470 actions | 35:04)
3 Paladin
2 Holy Light
1 Divine Shield
» actions
| Assign group hotkey | 12 | |
| Build / train | 69 | |
| Enter build submenu | 14 | |
| Enter hero's abilities submenu | 3 | |
| Remove unit from queue | 1 | |
| Right click | 136 | |
| Select / deselect | 166 | |
| Select group hotkey | 6 | |
| Use ability | 60 | |
470 total
» units
| Peasant | 13 | |
| Footman | 8 | |
| Rifleman | 29 | |
| Knight | 3 | |
53 total
» upgrades
» buildings
| Barracks | 1 | |
| Farm | 21 | |
| Altar of Kings | 1 | |
| Blacksmith | 1 | |
| Lumber Mill | 1 | |
| Keep | 1 | |
| Castle | 1 | |
| Scout Tower | 8 | |
| Guard Tower | 4 | |
| Town Hall | 1 | |
40 total
» build order
00:50 Barracks
01:25 Farm
01:26 Farm
01:27 Farm
01:29 Farm
01:55 Altar of Kings
03:43 Farm
03:45 Farm
05:02 Blacksmith
05:21 Lumber Mill
10:52 Keep
11:31 Farm
11:32 Farm
11:33 Farm
11:35 Farm
11:36 Farm
12:00 Farm
12:03 Farm
12:05 Farm
12:08 Farm
12:43 Farm
12:44 Farm
12:45 Farm
12:54 Farm
12:56 Farm
14:36 Castle
18:05 Scout Tower
18:07 Scout Tower
18:09 Scout Tower
18:12 Scout Tower
18:14 Scout Tower
22:01 Scout Tower
22:03 Scout Tower
22:04 Scout Tower
22:20 Guard Tower
22:23 Guard Tower
22:31 Guard Tower
24:11 Guard Tower
29:10 Farm
34:33 Town Hall
team 2 (loser)
SickInTheTits (
yellow | 57 APM | 301 actions | 05:14)
» actions
| Build / train | 25 | |
| Enter build submenu | 4 | |
| Right click | 207 | |
| Select / deselect | 49 | |
| Use ability | 16 | |
301 total
» units
» buildings
| Farm | 5 | |
| Lumber Mill | 1 | |
| Scout Tower | 7 | |
| Guard Tower | 1 | |
14 total
» build order
00:25 Farm
00:26 Farm
00:27 Farm
00:29 Farm
00:29 Farm
00:46 Lumber Mill
01:41 Scout Tower
01:42 Scout Tower
01:42 Scout Tower
01:44 Scout Tower
01:48 Scout Tower
02:03 Scout Tower
02:17 Guard Tower

»
Chibodee (
blue | 29 APM | 811 actions | 27:41)
4 Blademaster
1 Wind Walk
2 Critical Strike
1 Mirror Image
3 Far Seer
2 Feral Spirit
1 Chain Lighting
3 Pandaren Brewmaster
1 Breath of Fire
2 Drunken Brawler
» actions
| Assign group hotkey | 3 | |
| Build / train | 92 | |
| Enter build submenu | 19 | |
| Enter hero's abilities submenu | 10 | |
| Give item / drop item | 4 | |
| Remove unit from queue | 3 | |
| Right click | 331 | |
| Select / deselect | 227 | |
| Select group hotkey | 64 | |
| Use ability | 57 | |
811 total
» units
| Peon | 9 | |
| Grunt | 5 | |
| Troll Headhunter/Berserker | 34 | |
| Shaman | 1 | |
49 total
» upgrades
| Ranged Weapons | 3 | |
| Melee Weapons | 2 | |
| Armor | 3 | |
| Troll Regeneration | 1 | |
| Berserker Upgrade | 1 | |
| Berserker Strength | 1 | |
| Shaman Training | 2 | |
13 total
» buildings
| Altar of Storms | 1 | |
| Barracks | 2 | |
| Orc Burrow | 9 | |
| Voodoo Lounge | 1 | |
| War Mill | 1 | |
| Stronghold | 2 | |
| Fortress | 1 | |
| Watch Tower | 3 | |
| Spirit Lodge | 1 | |
21 total
» build order
00:13 Altar of Storms
00:16 Barracks
00:22 Orc Burrow
01:56 Orc Burrow
02:23 Voodoo Lounge
04:15 War Mill
04:25 Orc Burrow
05:27 Orc Burrow
06:50 Orc Burrow
06:52 Stronghold
06:52 Stronghold
07:50 Orc Burrow
09:30 Fortress
14:07 Orc Burrow
17:48 Watch Tower
20:18 Watch Tower
21:38 Watch Tower
22:06 Orc Burrow
22:46 Spirit Lodge
23:01 Orc Burrow
25:40 Barracks
» items
| Healing Salve | 2 | |
| Lesser Clarity Potion | 2 | |
| Circlet of Nobility | 1 | |
| Periapt of Vitality | 1 | |
| Orb of Lightning | 3 | |
| Potion of Healing | 1 | |
| Potion of Mana | 1 | |
11 total

»
JakeDog4 (
teal | 45 APM | 1573 actions | 35:00)
5 Blademaster
3 Wind Walk
2 Critical Strike
1 Shadow Hunter
1 Healing Wave
» actions
| Build / train | 60 | |
| Enter build submenu | 38 | |
| Enter hero's abilities submenu | 8 | |
| Give item / drop item | 3 | |
| Remove unit from queue | 7 | |
| Right click | 994 | |
| Select / deselect | 347 | |
| Use ability | 113 | |
1573 total
» units
» upgrades
| Spiked Barricades | 3 | |
| Armor | 1 | |
| Ranged Weapons | 1 | |
| Liquid Fire | 1 | |
6 total
» buildings
| Altar of Storms | 1 | |
| Orc Burrow | 4 | |
| War Mill | 1 | |
| Watch Tower | 23 | |
| Stronghold | 2 | |
| Voodoo Lounge | 1 | |
| Beastiary | 3 | |
| Fortress | 1 | |
| Great Hall | 1 | |
37 total
» build order
00:10 Altar of Storms
00:20 Orc Burrow
01:22 Orc Burrow
01:28 War Mill
02:02 Orc Burrow
03:10 Watch Tower
03:15 Watch Tower
03:51 Stronghold
06:04 Watch Tower
06:07 Orc Burrow
06:18 Voodoo Lounge
06:24 Beastiary
06:30 Beastiary
06:57 Watch Tower
07:02 Watch Tower
07:36 Watch Tower
08:21 Watch Tower
08:33 Watch Tower
08:36 Watch Tower
09:25 Watch Tower
10:04 Watch Tower
10:13 Watch Tower
10:16 Watch Tower
10:26 Fortress
11:27 Watch Tower
11:31 Watch Tower
11:33 Watch Tower
11:41 Watch Tower
13:29 Watch Tower
13:32 Watch Tower
14:36 Watch Tower
14:42 Watch Tower
17:40 Great Hall
22:13 Stronghold
24:24 Watch Tower
24:28 Watch Tower
25:35 Beastiary
» items
| Lesser Clarity Potion | 4 | |
| Healing Salve | 4 | |
| Scroll of Speed | 2 | |
| Potion of Healing | 3 | |
| Potion of Mana | 2 | |
| Scroll of Town Portal | 2 | |
| Orb of Lightning | 1 | |
18 total

»
4v4_is_serious (
red | 75 APM | 2646 actions | 35:04)
6 Blademaster
3 Wind Walk
3 Critical Strike
4 Tauren Chieftain
2 War Stomp
2 Endurance Aura
» actions
| Assign group hotkey | 84 | |
| Basic commands | 203 | |
| Build / train | 110 | |
| ESC pressed | 16 | |
| Enter build submenu | 34 | |
| Enter hero's abilities submenu | 10 | |
| Give item / drop item | 2 | |
| Right click | 871 | |
| Select / deselect | 560 | |
| Select group hotkey | 576 | |
| Use ability | 180 | |
2646 total
» units
| Peon | 13 | |
| Grunt | 5 | |
| Spirit Walker | 9 | |
| Tauren | 5 | |
| Wind Rider | 10 | |
| Troll Batrider | 15 | |
| Troll Headhunter/Berserker | 10 | |
| Demolisher | 1 | |
68 total
» upgrades
| Armor | 3 | |
| Berserker Strength | 1 | |
| Pillage | 1 | |
| Melee Weapons | 2 | |
| Pulverize | 1 | |
| Spirit Walker Training | 2 | |
| Reinforced Defenses | 1 | |
| Envenomed Spears | 2 | |
| Ranged Weapons | 3 | |
16 total
» buildings
| Altar of Storms | 1 | |
| Barracks | 1 | |
| Orc Burrow | 6 | |
| Voodoo Lounge | 1 | |
| Stronghold | 1 | |
| War Mill | 1 | |
| Beastiary | 7 | |
| Spirit Lodge | 1 | |
| Fortress | 1 | |
| Watch Tower | 5 | |
| Tauren Totem | 2 | |
| Great Hall | 2 | |
29 total
» build order
00:07 Altar of Storms
00:09 Barracks
00:12 Orc Burrow
02:33 Orc Burrow
02:52 Voodoo Lounge
04:50 Stronghold
04:54 Orc Burrow
05:00 War Mill
05:38 Orc Burrow
07:25 Beastiary
07:30 Beastiary
07:39 Spirit Lodge
08:18 Fortress
09:25 Watch Tower
10:48 Tauren Totem
11:06 Tauren Totem
13:52 Orc Burrow
14:36 Watch Tower
15:05 Great Hall
15:52 Watch Tower
16:18 Watch Tower
17:35 Orc Burrow
26:43 Beastiary
26:46 Beastiary
30:51 Beastiary
30:55 Beastiary
30:57 Beastiary
32:49 Watch Tower
33:20 Great Hall
» items
| Healing Salve | 3 | |
| Potion of Healing | 5 | |
| Scroll of Town Portal | 2 | |
| Orb of Lightning | 2 | |
12 total
Chat log
(00:24 / Allies) JakeDog4: hi
(00:26 / Allies) 4v4_is_serious: hey
(00:28 / Allies) JakeDog4: BM harassment
(00:39 / Allies) Chibodee: we have 4 lol
(00:40 / Allies) 4v4_is_serious: k
(00:42 / Allies) 4v4_is_serious: no we have 3
(00:53 / Allies) Chibodee: ur nto going bm?
(00:57 / Allies) JakeDog4: humsnd hsvr good harass heros
(00:59 / Allies) 4v4_is_serious: yellow isn't orc
(01:06 / Allies) Chibodee: or derp lol
(01:09 / Allies) JakeDog4: humans have good harass heroes*
(01:13 / Allies) 4v4_is_serious: that's true
(02:33 / Allies) JakeDog4: KIlll!!!
(02:50 / Allies) JakeDog4: harass him
(02:50 / Allies) JakeDog4: now
(02:57 / Allies) 4v4_is_serious: looooool
(02:59 / Allies) 4v4_is_serious: you didn't check?
(03:00 / Allies) 4v4_is_serious: at all?
(03:07 / Allies) 4v4_is_serious: haha you totally deserve that
(03:36 / Allies) SickInTheTits: help
(03:40 / Allies) 4v4_is_serious: hahah fuck no
(05:04 / Allies) SickInTheTits: no help
(05:09 / Allies) 4v4_is_serious: nope
(05:14 / Allies) 4v4_is_serious: look inside your fucking base next time lol
(05:26 / All) 4v4_is_serious: he was so bad lol
(07:02 / All) ITryCrAzYStrats: noob
(08:42 / All) rageharddown: red u gonna go sh u robot?
(08:54 / All) 4v4_is_serious: lol?
(08:59 / All) JakeDog4: lololol
(09:15 / All) 4v4_is_serious: using the blademaster = robot
(09:16 / All) 4v4_is_serious: k
(09:25 / All) rageharddown: LOL
(09:27 / All) rageharddown: U MAD RED?
(09:34 / Allies) JakeDog4: hahah
(09:35 / All) 4v4_is_serious: wat lol
(09:35 / Allies) JakeDog4: dont reply
(09:39 / Allies) JakeDog4: he's trolling hard
(09:42 / All) rageharddown: i got a feelin
(09:45 / All) rageharddown: kodos_forsaken
(09:47 / All) rageharddown: is red
(09:54 / All) 4v4_is_serious: i think teal wants to suck your cock pink
(09:58 / All) 4v4_is_serious: he's saying that you're a hard troll
(10:10 / All) JakeDog4: yes plz
(10:17 / All) rageharddown: so many fail trolls
(11:35 / All) ITryCrAzYStrats: does yellow's name have anything to do with breast cancer?
(11:40 / All) 4v4_is_serious: maybe
(11:52 / All) 4v4_is_serious: llol
(12:07 / All) ITryCrAzYStrats: didn't really click till just now
(12:17 / All) rageharddown: kodos
(12:21 / All) rageharddown: mhin?
(12:21 / All) rageharddown: LOL
(12:27 / All) 4v4_is_serious: lol
(12:33 / All) 4v4_is_serious: game sense is hacking
(12:39 / All) 4v4_is_serious: typical logic of a 4s random teamer
(13:16 / All) rageharddown: LOL
(13:19 / All) rageharddown: B
(13:20 / All) rageharddown: B
(13:20 / All) rageharddown: B
(13:20 / All) rageharddown: B
(13:21 / All) rageharddown: B
(13:23 / All) rageharddown: NERD
(14:08 / All) rageharddown: just massin hunts vs randoms so funny
(15:35 / Allies) 4v4_is_serious: if you ahve wood pass it plz
(15:54 / Allies) 4v4_is_serious: ty
(16:07 / Allies) JakeDog4: lots of peons on gold there dude
(16:25 / Allies) 4v4_is_serious: you gonna be good?
(16:30 / Allies) JakeDog4: yeah ill be fine
(16:34 / Allies) 4v4_is_serious: k
(17:03 / Allies) 4v4_is_serious: you sure?
(17:13 / Allies) 4v4_is_serious: i have no aa by the way
(17:14 / Allies) JakeDog4: not really anymore
(17:16 / Allies) 4v4_is_serious: just gonna hope blue makes some
(18:31 / Allies) 4v4_is_serious: lol
(18:39 / Allies) JakeDog4: hhehe
(19:00 / Allies) JakeDog4: all of my bats died but i killed like 10 chims with em
(19:10 / Allies) 4v4_is_serious: gonna need your help here blue
(21:07 / Allies) 4v4_is_serious: lol that was dumb
(21:09 / Allies) 4v4_is_serious: no tps at all?
(21:10 / Allies) 4v4_is_serious: why not?
(21:23 / Allies) 4v4_is_serious: and blue
(21:24 / Allies) 4v4_is_serious: why do you have only
(21:29 / Allies) 4v4_is_serious: one building that makes shit
(21:30 / Allies) 4v4_is_serious: seriously
(23:04 / Allies) 4v4_is_serious: blue use your units
(23:05 / Allies) 4v4_is_serious: ffs
(23:15 / Allies) 4v4_is_serious: we can smash them if you just play
(23:38 / Allies) 4v4_is_serious: wow are you serious
(23:47 / Allies) 4v4_is_serious: guess it's better than nothing
(25:27 / Allies) 4v4_is_serious: make another barracks blue
(26:49 / Allies) JakeDog4: im dead
(26:53 / Allies) 4v4_is_serious: ffs bule
(27:11 / Allies) 4v4_is_serious: Blue
(27:14 / Allies) 4v4_is_serious: were your parents brother and sister?
(27:36 / Allies) 4v4_is_serious: sorry teal
(27:38 / Allies) 4v4_is_serious: can't do shit atm
(27:46 / Allies) JakeDog4: all good
(27:50 / Allies) 4v4_is_serious: wait
(27:52 / Allies) 4v4_is_serious: i ahve blue now
(28:17 / Allies) 4v4_is_serious: g
(28:19 / Allies) 4v4_is_serious: got any wood?
(28:23 / Allies) 4v4_is_serious: holy shit he had so much wood
(28:27 / Allies) 4v4_is_serious: never gave me any
(28:29 / Allies) 4v4_is_serious: ty
(28:32 / Allies) JakeDog4: np
(28:46 / Allies) JakeDog4: he gave mesome lol
(28:52 / Allies) 4v4_is_serious: what an iidiot
(29:40 / Allies) 4v4_is_serious: b
(30:41 / Allies) 4v4_is_serious: fuckin blue
(30:45 / Allies) 4v4_is_serious: falling back to his base
(31:17 / Allies) 4v4_is_serious: shouldn't be having to do that but oh well
(31:39 / Allies) 4v4_is_serious: give all ur stuff to blue
(31:47 / Allies) JakeDog4: i have no more
(31:50 / Allies) 4v4_is_serious: k
(31:50 / Allies) JakeDog4: gave it all to you
(33:27 / All) 4v4_is_serious: attack plz
(33:29 / All) 4v4_is_serious: i wanna get thsi over with
(33:46 / All) PlayUndeadFtw: NUB FUCK
(34:03 / All) PlayUndeadFtw: ill fuck u all up
(34:06 / All) PlayUndeadFtw: shit heads
(34:17 / Allies) 4v4_is_serious: well that sucked lol
(34:29 / All) 4v4_is_serious: gg
(34:33 / All) JakeDog4: Gg
(34:34 / All) 4v4_is_serious: if blue and yellow
(34:36 / All) ITryCrAzYStrats: thats it?
(34:38 / All) 4v4_is_serious: weren't totally retarded
(34:46 / All) 4v4_is_serious: this could have gone very differently
(34:49 / All) 4v4_is_serious: basically
(34:56 / All) 4v4_is_serious: grats on your 2v4 win :P
(35:02 / All) 4v4_is_serious: 4v2 i should say
(35:02 / All) PlayUndeadFtw: basically ur just bad